 Dungeon Crawl Stone Soup version 0.30-a0-591-g3c58d2bc28 (webtiles) character file.

Game seed: 16522306153113488286

1486 Pooter the Cleaver (level 8, -2/73 HPs)
             Began as a Minotaur Berserker on Jan 5, 2023.
             Was a Priest of Trog.
             Succumbed to a hornet's poison
             ... on level 5 of the Dungeon.
             The game lasted 00:23:46 (3408 turns).

Pooter the Cleaver (Minotaur Berserker)             Turns: 3408, Time: 00:23:47

Health: -2/73      AC: 14    Str: 21    XL:     8   Next: 50%
Magic:  7/7        EV:  8    Int:  4    God:    Trog [***...]
Gold:   284        SH:  0    Dex: 13    Spells: 7/7 levels left

rFire   . . .      SeeInvis .    a - +2 war axe (drain)
rCold   . . .      Faith    .    (no shield)
rNeg    . . .      Spirit   .    t - +2 plate armour
rPois   .          Reflect  .    (helmet restricted)
rElec   .          Harm     .    m - +0 cloak
rCorr   .          Rampage  .    (no gloves)
Will    .....                    (no boots) Stlth
                                 (no amulet)
HPRegen 0.32/turn                (no ring)
MPRegen 0.10/turn                (no ring)

@: lethally poisoned (-2 -> -9), on berserk cooldown, slowed, very slow
A: horns 2, retaliatory headbutt
a: Renounce Religion, Berserk, Trog's Hand


You were on level 5 of the Dungeon.
You worshipped Trog.
Trog was most pleased with you.
You visited 1 branch of the dungeon, and saw 5 of its levels.

You collected 284 gold pieces.

Inventory:

Hand Weapons
 a - a +2 war axe of draining (weapon)
   (You found it on level 3 of the Dungeon)
 x - a +0 halberd
   (You took it off a gnoll on level 4 of the Dungeon)
Missiles
 w - 2 throwing nets (quivered) {!f}
 Q - 32 stones
Armour
 d - an orb of light
   (You found it on level 1 of the Dungeon)
 m - a +0 cloak (worn)
   (You found it on level 2 of the Dungeon)
 t - a +2 plate armour (worn)
   (You found it on level 3 of the Dungeon)
Scrolls
 f - a scroll of immolation {unknown}
 g - a scroll of vulnerability {unknown}
 l - 2 scrolls of noise {unknown}
 p - a scroll of silence {unknown}
 q - a scroll of fear {unknown}
 u - 3 scrolls of summoning {unknown}
 v - a scroll of magic mapping {unknown}
 y - 3 scrolls of teleportation {unknown}
Potions
 b - a potion of attraction {unknown}
 c - 3 potions of curing {unknown}
 e - 2 potions of degeneration {unknown}
 h - a potion of brilliance {unknown}
 j - 2 potions of flight
 k - 3 potions of might
 o - a potion of ambrosia {unknown}
 r - 2 potions of invisibility {unknown}
 s - 3 potions of mutation {unknown}


   Skills:
 + Level 7.3 Fighting
 - Level 2.5 Short Blades
 * Level 9.2 Axes
 - Level 2.4 Armour
 + Level 6.1 Dodging


You had 7 spell levels left.
You didn't know any spells.
Your spell library was empty.

Dungeon Overview and Level Annotations

Branches:
Dungeon (5/15)             Temple (0/1) D:4

Altars:
Elyvilon
Fedhas
Kikubaaqudgha
Sif Muna
Yredelemnul

Annotations:
D:3 1 runed translucent door, Crazy Yiuf
D:5 3 runed translucent doors, DeadOnArrival's ghost, novice GrMo


Innate Abilities, Weirdness & Mutations

You have a pair of horns on your head.
You reflexively headbutt those who attack you in melee.


Message History

The hornet stings you!
* * * LOW HITPOINT WARNING * * *
You are more poisoned.
You suddenly lose the ability to move!
The hornet stings you!
* * * LOW HITPOINT WARNING * * *
You shrug off the repeated paralysis!
You can move again.
Unknown command.
A red film seems to cover your vision as you go berserk!
You feel yourself moving faster!
You feel mighty!
You feel extremely sick.
The iguana hisses angrily.
The hornet stings you but does no damage.
The hornet closely misses you.
You slash the hornet!
You feel very sick. The hornet stings you.
* * * LOW HITPOINT WARNING * * *
You are lethally poisoned!
You feel as though you will be slow longer.
Unknown command.
You hit the hornet. You drain the hornet.
* * * LOW HITPOINT WARNING * * *
You feel very sick. The hornet closely misses you.
The hornet stings you but does no damage.
You closely miss the hornet.
* * * LOW HITPOINT WARNING * * *
You feel very sick.
The hornet stings you but does no damage.
The hornet barely misses you. You furiously retaliate!
You headbutt the hornet!
You kill the hornet!
Trog accepts your kill.
Your Axes skill increases to level 9!
Your Dodging skill increases to level 6!
Found a stone staircase leading up.
* * * LOW HITPOINT WARNING * * *
You feel very sick.
Things that are here:
a metallic red potion; a hornet corpse You are too berserk!
You feel a strong urge to attack something.
* * * LOW HITPOINT WARNING * * *
You feel very sick.
You are no longer berserk.
You are exhausted.
You feel as though you will be slow longer.
* * * LOW HITPOINT WARNING * * *
You feel very sick.
You die...

# ..##....#......
#..#.. #.##.#..#...#..
...(.. #.##.#..#.$#.#.
..(?.#+#.......#S!....
<..........#..#..#.#.
#!...........#...#S.
#........#...#..lDWW
#.$...!..##.†#######
#..@.....##.†.......
#...#######.........
#...# #.#....### #...#
#.#...## #...# #.#...#
#...# #.#...# #...#
#.##### # #...#
#.######## #.........


There were no monsters in sight!

Vanquished Creatures
  A hornet (D:5)
  The ghost of SirDiesAlot the Sneak, an amateur DsBr (D:4)
  2 ice beasts (D:5)
  A black bear (D:3)
  A bullfrog (D:4)
  2 scorpions
  5 killer bees (D:5)
  A howler monkey (D:4)
  2 jellies
  A hound (D:4)
  An orc priest (D:3)
  3 orc wizards
  Robin (D:3)
  7 gnolls
  6 adders
  3 worms
  4 dart slugs
  5 orcs
  9 ball pythons
  8 endoplasms
  6 giant cockroaches
  14 goblins
  12 hobgoblins
  7 jackals (D:1)
  6 quokkas
  4 bats
  5 frilled lizards
  A kobold (D:1)
  11 rats
130 creatures vanquished.

Notes
Turn   | Place    | Note
-------+----------+-------------------------------------------
     0 | D:1      | Pooter the Minotaur Berserker began the quest for the Orb.
     0 | D:1      | Reached XP level 1. HP: 19/19 MP: 0/0
   116 | D:1      | Reached skill level 4 in Axes
   146 | D:1      | Reached XP level 2. HP: 24/27 MP: 1/1
   373 | D:1      | Reached skill level 1 in Short Blades
   382 | D:1      | Reached XP level 3. HP: 30/33 MP: 2/2
   554 | D:1      | Reached ** piety under Trog
  1006 | D:2      | Reached XP level 4. HP: 41/41 MP: 3/3
  1103 | D:2      | Found a faded altar of an unknown god.
  1141 | D:2      | Found a white marble altar of Elyvilon.
  1702 | D:3      | Noticed Robin
  1709 | D:3      | Killed Robin
  1710 | D:3      | Noticed a black bear
  1721 | D:3      | Killed a black bear
  1722 | D:3      | Reached skill level 5 in Axes
  1722 | D:3      | Reached XP level 5. HP: 47/47 MP: 4/4
  1726 | D:3      | Reached skill level 5 in Fighting
  1743 | D:3      | Reached XP level 6. HP: 56/56 MP: 5/5
  1897 | D:3      | Found a blossoming altar of Fedhas.
  1898 | D:3      | Found an ancient bone altar of Kikubaaqudgha.
  1904 | D:3      | Found a shimmering blue altar of Sif Muna.
  2007 | D:3      | Found a faded altar of an unknown god.
  2011 | D:3      | Found a basalt altar of Yredelemnul.
  2037 | D:3      | Reached *** piety under Trog
  2080 | D:3      | Found a runed translucent door.
  2081 | D:3      | Noticed Crazy Yiuf
  2428 | D:4      | Found a staircase to the Ecumenical Temple.
  2581 | D:4      | Reached skill level 6 in Axes
  2752 | D:4      | Found a runed translucent door.
  2761 | D:4      | Noticed SirDiesAlot's ghost (amateur DsBr)
  2773 | D:4      | Reached XP level 7. HP: 62/62 MP: 6/6
  2776 | D:4      | Killed SirDiesAlot's ghost
  2777 | D:4      | Reached skill level 7 in Axes
  2972 | D:4      | Reached skill level 5 in Dodging
  3054 | D:5      | Entered Level 5 of the Dungeon
  3175 | D:5      | Reached skill level 8 in Axes
  3175 | D:5      | Reached XP level 8. HP: 49/71 MP: 7/7
  3271 | D:5      | Found a runed translucent gate.
  3271 | D:5      | Found a runed translucent gate.
  3271 | D:5      | Found a runed translucent gate.
  3272 | D:5      | Noticed DeadOnArrival's ghost (novice GrMo)
  3394 | D:5      | Noticed a hornet
  3400 | D:5      | Paralysed by a hornet for 1 turns
  3404 | D:5      | Killed a hornet
  3405 | D:5      | Reached skill level 9 in Axes
  3406 | D:5      | HP: 5/109 [poisoned by a hornet]
  3407 | D:5      | HP: 1/73 [poisoned by a hornet]
  3408 | D:5      | Succumbed to a hornet's poison

Illustrated notes

Levels and vault maps discovered:
D:1:      matt_arrival_spirals, layout_loops_ring, minmay_statues_item
D:2:      layout_basic, nicolae_ecumenical_oubliette, basic_altar
D:3:      minmay_diamond_boxcup, layout_rooms,
          chequers_temple_overflow_statue_of_worship,
          nicolae_overflow_ecumenical_swirl, uniq_robin, uniq_crazy_yiuf_cottage
D:4:      layout_cave_pools, minmay_temple_entry_steel_oval,
          ebering_ghost_sewer_d, serial_glass, glass_columns_b, glass_columns_b
D:5:      layout_basic, gammafunk_ghost_split

Skill      XL: |  1  2  3  4  5  6  7  8 |
---------------+-------------------------+-----
Axes           | 4 5 6 8 9 |  9.2
Fighting       | 4 5 6 7 |  7.3
Short Blades   | 1 2 |  2.5
Dodging        | 3 4 5 6 |  6.1
Armour         | |  2.4

Action                   |  1- 3 |  4- 6 |  7- 9 || total
-------------------------+-------+-------+-------++-------
Melee: Hand axe          |    31 |    48 |       ||    79
       Short sword       |    37 |    23 |       ||    60
       Headbutt          |    12 |    18 |    12 ||    42
       Punch             |       |     1 |       ||     1
       War axe           |       |    54 |    51 ||   105
Throw: Javelin           |       |     4 |    10 ||    14
Invok: Trog's Hand       |     1 |     3 |     2 ||     6
       Berserk           |     1 |     2 |     2 ||     5
  Use: Scroll            |     3 |     3 |     3 ||     9
Armor: Animal skin       |    13 |       |       ||    13
       Scale mail        |     1 |     5 |       ||     6
       Chain mail        |       |    28 |       ||    28
       Plate armour      |       |    46 |    33 ||    79
Dodge: Dodged            |    41 |    53 |    19 ||   113

Table legend: (Time is in decaauts)
 A = Elapsed time spent in this place.
 B = Non-inter-level travel time spent in this place.
 C = Inter-level travel time spent in this place.
 D = Time resting spent in this place.
 E = Time spent auto-exploring this place.
 F = Levels seen in this place.
 G = Mean time per level.
                   A        B        C        D        E       F      G
               +--------+--------+--------+--------+--------+-----+--------+
         Total |   3475 |   3377 |     98 |    199 |   2315 |   5 |  695.0 |
       Dungeon |   3475 |   3377 |     98 |    199 |   2315 |   5 |  695.0 |
               +--------+--------+--------+--------+--------+-----+--------+

Top non-repeatable levels by time:
     D:1: 910 daAuts
     D:3: 763 daAuts
     D:4: 716 daAuts
     D:2: 714 daAuts
     D:5: 371 daAuts
